 Dungeon Crawl Stone Soup version 0.29-a0-1052-g6990b1bffc (webtiles) character file.

Game seed: 9649809219703683592

2499 Octogod the Destroyer (level 9, -5/54 HPs)
             Began as an Octopode Conjurer on Aug 18, 2022.
             Was an Initiate of Gozag.
             Killed by an exploding fulminant prism (15 damage)
             ... on level 8 of the Dungeon.
             The game lasted 00:27:27 (10230 turns).

Octogod the Destroyer (Octopode Conjurer)          Turns: 10230, Time: 00:27:29

Health: -5/54      AC:  1    Str:  6    XL:     9   Next: 53%
Magic:  13/19      EV: 19    Int: 30    God:    Gozag
Gold:   772        SH:  0    Dex: 11    Spells: 11/21 levels left

rFire   . . .      SeeInvis .   y - +1 flail (protect)
rCold   . . .      Faith    .   (no shield)
rNeg    . . .      Spirit   .   (helmet restricted)
rPois   +          Reflect  .   (no amulet)
rElec   .          Harm     .   g - +6 ring of intelligence
rCorr   .          Rampage  .   i - ring of poison resistance
Will    +....                   b - ring of willpower
Stlth   +++.......              s - +4 ring of evasion
HPRegen 0.18/turn               z - +4 ring of slaying
MPRegen 0.16/turn               (no ring)
                                (no ring)
                                (no ring)

@: gold aura
A: almost no armour, amphibious, 8 rings, camouflage 1, gelatinous body 1,
(nimble swimmer 1), tentacles
a: Renounce Religion, Potion Petition, Call Merchant, Bribe Branch


You were on level 8 of the Dungeon.
You worshipped Gozag.
Gozag was pleased with you.
You visited 2 branches of the dungeon, and saw 9 of its levels.

You collected 916 gold pieces.
You spent 95 gold pieces at shops.
You paid 49 gold pieces to Gozag.

Inventory:

Hand Weapons
 y - a +1 flail of protection (weapon)
 E - a +5 long sword
Missiles
 C - 11 poisoned darts
Jewellery
 b - a ring of willpower (on tentacle)
 g - a +6 ring of intelligence (left tentacle)
 i - a ring of poison resistance (right tentacle)
 s - a +4 ring of evasion (on tentacle)
 t - a ring of fire
 v - a ring of fire
 z - a +4 ring of slaying (on tentacle)
Scrolls
 c - a scroll of fog {unknown}
 e - a scroll of silence {unknown}
 f - 2 scrolls of fear {unknown}
 k - a scroll of blinking {unknown}
 l - 3 scrolls of vulnerability {unknown}
 m - 6 scrolls of teleportation
 n - a scroll of amnesia {unknown}
 o - a scroll of immolation {unknown}
 p - 2 scrolls of enchant weapon
 w - a scroll of magic mapping {unknown}
 D - a scroll of torment {unknown}
 G - a scroll of identify
Potions
 a - 2 potions of magic
 d - a potion of berserk rage {unknown}
 h - 3 potions of curing
 j - a potion of attraction
 q - 2 potions of cancellation
 r - 3 potions of brilliance
 u - a potion of lignification
 x - a potion of ambrosia
 A - a potion of might {unknown}
 B - a potion of degeneration {unknown}
 F - 2 potions of flight {unknown}


   Skills:
 - Level 2.1 Fighting
 - Level 6.0 Dodging
 - Level 2.6 Stealth
 + Level 6.8 Spellcasting
 + Level 9.2 Conjurations


You had 11 spell levels left.
You knew the following spells:

 Your Spells              Type           Power      Damage    Failure   Level
a - Magic Dart            Conj           100%       1d8       1%          1
b - Searing Ray           Conj           100%       2d8       1%          2
c - Fulminant Prism       Conj/Hex       19%        3d11      7%          4
d - Swiftness             Air            10%        N/A       14%         3

Your spell library contained the following spells:

 Spells                   Type           Power      Damage    Failure   Level
 Dazzling Flash           Conj/Hex       76%        N/A       2%          3
 Iskenderun's Mystic Bla  Conj/Tloc      38%        2d9       7%          4
 Ensorcelled Hibernation  Hex/Ice        20%        N/A       8%          2
 Passwall                 Tmut/Erth      8%         N/A       8%          2
 Tukima's Dance           Hex            10%        N/A       14%         3
 Passage of Golubria      Tloc           10%        N/A       43%         4
 Yara's Violent Unravell  Hex/Tmut       5%         3d4       80%         5


Dungeon Overview and Level Annotations

Branches:
Dungeon (8/15)             Temple (1/1) D:4
   Lair: D:8-11

Altars:
Ashenzari
Cheibriados
Dithmenos
Elyvilon
Gozag
Hepliaklqana
Makhleb
Okawaru
Qazlal
Trog
Uskayaw
Vehumet
Wu Jian
Xom
Yredelemnul

Shops:
D:4 (   D:5 *


Innate Abilities, Weirdness & Mutations

You cannot wear most types of armour.
You are amphibious.
You can wear up to eight rings at the same time.
Your skin changes colour to match your surroundings (Stealth+).
Your rubbery body absorbs attacks. (AC +1, EV +1)
((You are camouflaged when in or above water. (Stealth+)))
You have tentacles for arms and can constrict up to eight enemies at once.


Message History

Magic restored.
Found a dagger. 2 orcs come into view.
Things that are here:
8 gold pieces; a +0 club
Casting: Searing Ray (safe; 1% risk of failure)
Confirm with . or Enter, or press ? or * to list all spells.
Aiming: Magic Dart (safe; 1% risk of failure)
Press: ? - help, Shift-Dir - straight line, f - orc
Aim: an orc, wielding a +0 hand axe (wandering, hasn't noticed you, 100% to hit)
The magic dart hits the orc.
The orc is severely wounded.
The orc shouts!
You hear a shout!
An orc comes into view. It is wielding a +0 dagger.
Casting: Magic Dart (safe; 1% risk of failure)
Confirm with . or Enter, or press ? or * to list all spells.
Aiming: Magic Dart (safe; 1% risk of failure)
Press: ? - help, Shift-Dir - straight line, f/p - orc
Aim: an orc, wielding a +0 hand axe (severely wounded, 100% to hit)
The magic dart hits the orc!
You kill the orc!
Casting: Magic Dart (safe; 1% risk of failure)
Confirm with . or Enter, or press ? or * to list all spells.
Aiming: Fulminant Prism (dangerous; 7% risk of failure)
Press: ? - help, Dir - move target You conjure a prism of explosive energy!
The steam dragon hisses angrily.
A fulminant prism comes into view.
The steam dragon breathes steam at you. The ball of steam hits you!!
Your fulminant prism moves out of view.
Your fulminant prism crackles loudly.
The steam dragon breathes steam at you.
The ball of steam hits your fulminant prism.
Your fulminant prism resists.
The ball of steam hits you!!
* * * LOW HITPOINT WARNING * * *
Your fulminant prism explodes!
The blast of energy engulfs you!
You die...
Your body crumbles into a pile of gold.

. .. ...
############ ....
#..........#
>....##.......D..#
#.......)[)<.§§..#
###.##.)....§§...#
#...###..@§###...
###. ##§.##### # #
#§$§..)#
#§§.o..!..
#.........
...<..o...
#..........
#.....$....
...........


You could see 2 orcs.

Vanquished Creatures
  A water moccasin (D:6)
  A black bear (D:7)
  2 centaurs
  3 ogres
  A kobold brigand (D:6)
  2 bullfrogs (D:6)
  3 gnoll sergeants
  2 scorpions (D:4)
  6 wights (D:7)
  A crimson imp (D:4)
  4 hounds
  4 jellies
  An orc priest (D:6)
  Jessica (D:2)
  3 gnoll boudas
  4 iguanas
  4 orc wizards
  28 gnolls
  8 adders
  2 ufetubi
  3 worms
  3 dart slugs
  22 orcs
  6 ball pythons
  5 bats
  8 endoplasms
  5 goblins
  6 hobgoblins
  2 jackals (D:4)
  6 quokkas
  2 frilled lizards
  11 kobolds
  4 rats
164 creatures vanquished.

Vanquished Creatures (others)
  34 fulminant prisms
  A withered plant (D:7)
35 creatures vanquished.

Grand Total: 199 creatures vanquished

Notes
Turn   | Place    | Note
-------+----------+-------------------------------------------
     0 | D:1      | Octogod the Octopode Conjurer began the quest for the Orb.
     0 | D:1      | Reached XP level 1. HP: 11/11 MP: 3/3
   290 | D:1      | Reached XP level 2. HP: 17/17 MP: 1/5
   296 | D:1      | Learned a level 2 spell: Searing Ray
  1115 | D:1      | Reached XP level 3. HP: 21/21 MP: 4/6
  1254 | D:1      | Reached skill level 5 in Conjurations
  1619 | D:2      | Noticed Jessica
  1622 | D:2      | Killed Jessica
  1623 | D:2      | Reached XP level 4. HP: 27/27 MP: 3/7
  1676 | D:2      | Learned a level 4 spell: Fulminant Prism
  2493 | D:3      | Found a faded altar of an unknown god.
  2560 | D:3      | Reached XP level 5. HP: 9/31 MP: 0/9
  3236 | D:4      | Found a broken altar of Ashenzari.
  3392 | D:4      | Reached skill level 6 in Conjurations
  3392 | D:4      | Reached XP level 6. HP: 32/36 MP: 3/11
  3555 | D:4      | Found Wyallahoe's Antique Weapon Emporium.
  3573 | D:4      | Learned a level 3 spell: Swiftness
  3969 | D:4      | Found a burning altar of Makhleb.
  3983 | D:4      | Found a shimmering altar of Xom.
  4055 | D:4      | Reached skill level 7 in Conjurations
  4139 | D:4      | Found a hide-covered altar of Uskayaw.
  4139 | D:4      | Found a bloodstained altar of Trog.
  4250 | D:4      | Found a snail-covered altar of Cheibriados.
  4317 | D:4      | Found a staircase to the Ecumenical Temple.
  4326 | Temple   | Entered the Ecumenical Temple
  4349 | Temple   | Became a worshipper of Gozag Ym Sagoz the Greedy
  4460 | D:5      | Entered Level 5 of the Dungeon
  4475 | D:5      | Reached XP level 7. HP: 41/41 MP: 8/13
  4564 | D:5      | Found Ofratz's Assorted Antiques.
  4570 | D:5      | Bought a scratched steel ring for 95 gold pieces
  5134 | D:5      | Found a stormy altar of Qazlal.
  6657 | D:6      | Reached XP level 8. HP: 39/46 MP: 10/15
  6849 | D:6      | Reached skill level 5 in Dodging
  7108 | D:6      | Found a hazy altar of Hepliaklqana.
  7768 | D:6      | Reached skill level 5 in Spellcasting
  7897 | D:6      | Reached skill level 8 in Conjurations
  8366 | D:6      | Reached XP level 9. HP: 50/51 MP: 12/17
  8957 | D:7      | Reached skill level 1 in Fighting
  9291 | D:7      | Found a basalt altar of Yredelemnul.
  9567 | D:7      | Found a white marble altar of Elyvilon.
  9633 | D:7      | Reached skill level 9 in Conjurations
 10026 | D:7      | Found an ornate altar of the Wu Jian Council.
 10026 | D:7      | Found a radiant altar of Vehumet.
 10230 | D:8      | Killed by an exploding fulminant prism

Illustrated notes

Levels and vault maps discovered:
D:1:      dpeg_arrival_simpleton_a, layout_basic, st_stairs_12
D:2:      layout_loops_cross, amcnicky_mini_pool_small, uniq_jessica
D:3:      layout_basic, hellmonk_ecumenical_altar_lost_god
D:4:      layout_cave_pools, grunt_temple_overflow_champion_of_chaos,
          evilmike_ruin_ashenzari, kennysheep_slug_shrine,
          gammafunk_temple_overflow_wave, minmay_temple_entry_nine_rooms,
          serial_shops, shop
D:5:      layout_basic, nicolae_overflow_hidden_temple, serial_shops, shop
D:6:      layout_loops_corners, worldfamousw_hep_ancestral_shrine, serial_glass,
          glass_columns_b, glass_columns_c, grunt_decor_junction,
          nicolae_benzene_ring, kennysheep_small_circle
D:7:      layout_loops_ring, elyvilon_altar_5, yredelemnul_altar_generic,
          gammafunk_temple_overflow_statue
D:8:      layout_rooms, fedhas_bush_and_centaur_altar, grunt_tough_drop
Temple:   nicolae_temple_godpark

Skill      XL: |  1  2  3  4  5  6  7  8  9 |
---------------+----------------------------+-----
Conjurations   | 5 6 7 8 9 |  9.2
Spellcasting   | 3 4 5 6 |  6.8
Dodging        | 4 6 |  6.0
Fighting       | 2 |  2.1
Stealth        | |  2.6

Action                   |  1- 3 |  4- 6 |  7- 9 || total
-------------------------+-------+-------+-------++-------
Melee: Unarmed           |    12 |       |       ||    12
       Constrict         |     6 |     1 |       ||     7
       Tentacles         |     4 |       |       ||     4
       Club              |     3 |       |       ||     3
       Dagger            |     1 |     2 |       ||     3
       Scimitar          |       |       |     3 ||     3
       Flail             |       |       |     3 ||     3
 Cast: Magic Dart        |    45 |   100 |   104 ||   249
       Searing Ray       |     3 |     3 |    34 ||    40
       Fulminant Prism   |       |     3 |    31 ||    34
  Use: Scroll            |       |       |     8 ||     8
 Stab: Sleeping          |     1 |       |       ||     1
Armor: Skin              |       |     1 |     2 ||     3
Dodge: Dodged            |    11 |     5 |    45 ||    61

Table legend: (Time is in decaauts)
 A = Elapsed time spent in this place.
 B = Non-inter-level travel time spent in this place.
 C = Inter-level travel time spent in this place.
 D = Time resting spent in this place.
 E = Time spent auto-exploring this place.
 F = Levels seen in this place.
 G = Mean time per level.
                   A        B        C        D        E       F      G
               +--------+--------+--------+--------+--------+-----+--------+
         Total |  10234 |   9242 |    992 |    721 |   7452 |   9 | 1137.1 |
       Dungeon |  10200 |   9239 |    961 |    721 |   7452 |   8 | 1275.0 |
        Temple |     33 |      2 |     31 |      0 |      0 |   1 |   33.0 |
               +--------+--------+--------+--------+--------+-----+--------+

Top non-repeatable levels by time:
     D:6: 2230 daAuts
     D:5: 1673 daAuts
     D:4: 1614 daAuts
     D:1: 1408 daAuts
     D:7: 1332 daAuts
     D:3: 1015 daAuts
     D:2: 865 daAuts
     D:8: 59 daAuts
  Temple: 33 daAuts
